 Dungeon Crawl Stone Soup version 0.25-a0-737-g26c3a87c45 (webtiles) character file.

Game seed: 18315400791824640292, levelgen mode: deterministic

36 Esekla the Slasher (level 3, -3/28 HPs)
             Began as a Barachi Warper on Apr 11, 2020.
             Slain by an orc
             ... wielding a +0 falchion
              (5 damage)
             ... on level 2 of the Dungeon.
             The game lasted 00:05:05 (1520 turns).

Esekla the Slasher (Barachi Warper)                 Turns: 1520, Time: 00:05:05

Health: -3/28      AC:  3    Str: 12    XL:     3   Next: 37%
Magic:  6/6        EV: 12    Int: 13    God:
Gold:   19         SH:  0    Dex: 12    Spells: 6/6 levels left

rFire    . . .     SeeInvis .   a - +0 falchion
rCold    . . .     Gourm    .   (no shield)
rNeg     . . .     Faith    .   b - +0 leather armour
rPois    .         Spirit   .   (no helmet)
rElec    .         Reflect  .   (no cloak)
rCorr    .         Harm     .   (no gloves)
MR       .....                  (no boots)
Stlth    +.........             (no amulet)
HPRegen  0.09/turn              (no ring)
MPRegen  0.10/turn              (no ring)

@: slow
A: +LOS, swims, slowness 1, strong legs 1
a: Hop


You were on level 2 of the Dungeon.
You were not hungry.

You visited 1 branch of the dungeon, and saw 2 of its levels.

You collected 19 gold pieces.

Inventory:

Hand Weapons
 a - a +0 falchion (weapon)
Missiles
 e - 5 boomerangs of dispersal (quivered)
Armour
 b - a +0 leather armour (worn)
Scrolls
 d - a scroll of blinking
 g - a scroll of teleportation {unknown}
 j - a scroll of remove curse {unknown}
Potions
 c - 3 potions of curing {unknown}
 h - 3 potions of invisibility {unknown}
 i - a potion of brilliance {unknown}
Comestibles
 f - a ration


   Skills:
 * Level 2.6 Fighting
 * Level 3.9 Long Blades
 + Level 1.0 Throwing
 + Level 1.5 Armour
 + Level 2.3 Dodging
 + Level 2.4 Spellcasting
   Level 3.2 Translocations


You had 6 spell levels left.
You didn't know any spells.
Your spell library contained the following spells:

 Spells                   Type           Power        Failure   Level  Hunger
 Blink                    Tloc           N/A          12%         2    ###....
 Shroud of Golubria       Chrm/Tloc      #.....       24%         2    ###....
 Gell's Gravitas          Tloc           ##........   24%         3    ###....
 Lesser Beckoning         Tloc           ##........   24%         3    ###....
 Teleport Other           Tloc           ##......     24%         3    ###....
 Passage of Golubria      Tloc           N/A          63%         4    #####..


Dungeon Overview and Level Annotations

Branches:
Dungeon (2/15)

Altars:


Innate Abilities, Weirdness & Mutations

You can be seen from farther away. (+LOS)
You can swim through water.
You cover ground slowly.
You can hop short distances.


Message History

You kill the hobgoblin!
You hit the orc.
The orc is severely wounded.
The orc hits you with a +0 falchion.
You hit the orc but do no damage.
The orc is severely wounded.
The orc closely misses you.
You completely miss the orc.
The orc is severely wounded.
The orc hits you with a +0 falchion.
* * * LOW HITPOINT WARNING * * *
You closely miss the orc.
The orc is severely wounded.
The orc hits you with a +0 falchion.
* * * LOW HITPOINT WARNING * * *
Okay, then.
You closely miss the orc.
The orc is severely wounded.
The orc hits you with a +0 falchion.
You die...

# # .#. #.#
#.# #.# #@#
#o# ..
#)####....
###.........
#..<.#####.#
#.##.# #. .#
#. .# #. .#


You could see an orc.

Vanquished Creatures
  3 dart slugs (D:1)
  3 leopard geckos (D:1)
  3 orcs (D:2)
  A giant cockroach (D:1)
  A goblin (D:1)
  5 hobgoblins
  2 jackals (D:1)
  A bat (D:1)
  2 kobolds (D:1)
  A rat (D:1)
22 creatures vanquished.

Notes
Turn   | Place    | Note
-------+----------+-------------------------------------------
     0 | D:1      | Esekla the Barachi Warper began the quest for the Orb.
     0 | D:1      | Reached XP level 1. HP: 17/17 MP: 3/3
   584 | D:1      | Reached XP level 2. HP: 14/23 MP: 5/5
   943 | D:1      | Reached XP level 3. HP: 11/28 MP: 6/6
   945 | D:1      | HP: 1/28 [dart slug/slug dart (5)]
  1520 | D:2      | Slain by an orc

Levels and vault maps discovered:
D:1:      dpeg_arrival_water_fire, layout_basic, grunt_decor_mini_mirrors
D:2:      layout_loops_ring, nicolae_overflow_crystal_walls, first_ration

Skill      XL: |  1  2 |
---------------+-------+-----
Long Blades    | 3 |  3.9
Fighting       | |  2.6
Throwing       | |  1.0
Armour         | |  1.5
Dodging        | |  2.3
Spellcasting   | |  2.4
Translocations | |  3.2

Action                   || total
-------------------------++-------
Melee: Falchion          ||   122
  Eat: Ration            ||     1
Armor: Leather armour    ||    24
Dodge: Dodged            ||    67
       Rpst.: Falchion   ||    21

Table legend:
 A = Non-vault XP
 B = Vault XP
 C = Vault XP percentage of total XP
 D = Non-vault monster count
 E = Vault monster count
 F = Vault count percentage of total count
                 A         B        C        D         E       F
            +---------+---------+-------+---------+---------+-------
      Total |      52 |       0 |   0.0 |      22 |       0 |   0.0
            +---------+---------+-------+---------+---------+-------
        D:1 |      41 |       0 |   0.0 |      18 |       0 |   0.0
        D:2 |      11 |       0 |   0.0 |       4 |       0 |   0.0
            +---------+---------+-------+---------+---------+-------
